Match 44943124
Unlisted

Match 44943124
End
Scout Squad
Construct Weapon Support Center
Selects Heavy Weapons
M1919 Machine Gun Team
M1919 Machine Gun Team
M1919 Machine Gun Team
Mechanized Support Center
Selects Assault Carriers
M3 Assault Carrier
Construct Medical Station
Improvised Armor
Selects M2HB .50cal Heavy Machine Gun
M1919 Machine Gun Team
Designate Forward Repair Station
Engineer Squad
波菜
杨司令
JT
孤冰月
moemoe
A2O
Oblivion
Vyre
0
0

Comments sign in to comment!

No comments posted yet!